 Dungeon Crawl Stone Soup version 0.23.2-32-g37ab1d4649 (webtiles) character file.

Game seed: 8565287860089227041

27 DildoBatman the Magician (level 3, 0/24 HPs)
             Began as a Formicid Wizard on June 26, 2019.
             Succumbed to a worker ant's poison
             ... on level 2 of the Dungeon.
             The game lasted 00:03:19 (1273 turns).

DildoBatman the Magician (Formicid Wizard)          Turns: 1273, Time: 00:03:19

Health: 0/24       AC:  2    Str: 11    XL:     3   Next: 25%
Magic:  1/7        EV: 17    Int: 18    God:
Gold:   84         SH:  0    Dex: 14    Spells: 1/8 levels left

rFire    + . .     SeeInvis +   m - +0 short sword
rCold    + . .     Gourm    .   (no shield)
rNeg     + . .     Faith    .   a - +0 robe
rPois    +         Spirit   .   (helmet unavailable)
rElec    +         Reflect  .   (no cloak)
rCorr    +         Harm     .   (no gloves)
MR       .....                  (no boots)
Stlth    +++.......             (no amulet)
HPRegen  0.08/turn              (no ring)
MPRegen  0.10/turn              p - ring of positive energy

@: agile, lethally poisoned (0 -> -9), resistant, very slightly contaminated
A: permanent stasis, dig shafts and tunnels, four strong arms, antennae 3
a: Dig, Shaft Self


You were on level 2 of the Dungeon.
You were not hungry.

You visited 1 branch of the dungeon, and saw 2 of its levels.

You collected 84 gold pieces.

Inventory:

Hand Weapons
 e - a +0 dagger
 m - a +0 short sword (weapon)
Missiles
 f - 43 stones (quivered)
 l - 27 bolts
Armour
 a - a +0 robe (worn)
Jewellery
 p - a ring of positive energy (right hand)
Scrolls
 b - 4 scrolls of remove curse {unknown}
 c - a scroll of teleportation {unknown}
 g - a scroll of identify {unknown}
 h - a scroll of fog {unknown}
 i - a scroll of enchant weapon {unknown}
 j - a scroll of noise {unknown}
 k - a scroll of random uselessness {unknown}
Comestibles
 d - 2 chunks of flesh
 v - 4 rations


   Skills:
 - Level 1.7 Dodging
 - Level 2.4 Stealth
 - Level 3.2 Spellcasting
 * Level 2.6 Conjurations
   Level 1.0 Summonings
   Level 0.8 Translocations


You had one spell level left.
You knew the following spells:

 Your Spells              Type           Power        Failure   Level  Hunger
a - Conjure Flame         Conj/Fire      #.......     28%         3    ###....
c - Magic Dart            Conj           ##..         5%          1    None
e - Mephitic Cloud        Conj/Pois/Air  #.......     32%         3    ###....

Your spell library contained the following spells:

 Spells                   Type           Power        Failure   Level  Hunger
 Call Imp                 Summ           #.......     16%         2    ##.....
 Slow                     Hex            #.......     24%         2    ##.....
 Blink                    Tloc           Unusable     N/A         2    N/A

Dungeon Overview and Level Annotations

Branches:
Dungeon (2/15)

Altars:


Innate Abilities, Weirdness & Mutations

You cannot be hasted, slowed, berserked, paralysed or teleported.
You can dig through walls and to a lower floor.
Your four strong arms can wield two-handed weapons with a shield.
You have a pair of large antennae on your head. (SInv)


Message History

The worker ant bites you.
You are more poisoned.
The worker ant poisons you!
You feel sick.
Casting: Mephitic Cloud (safe; 32% risk of failure)
Confirm with . or Enter, or press ? or * to list all spells.
Aiming: Magic Dart (safe; 5% risk of failure)
Press: ? - help, Shift-Dir - straight line, f/p - worker ant
Aim: a worker ant (moderately wounded)
The magic dart hits the worker ant.
The worker ant is heavily wounded.
You feel sick. The worker ant completely misses you.
You hit the worker ant but do no damage.
The worker ant is heavily wounded.
You feel sick. The worker ant barely misses you.
You barely miss the worker ant.
The worker ant is heavily wounded.
You die...

###########
#.....@a..#
#.#######.######
#.# #.......#
###.######.......#
#................#
#.#.######.........
#.#.# #.......## #.
#.#.. ....?...# #.
#.#### #.......# #.


You could see a worker ant.

Vanquished Creatures
  A worm (D:1)
  2 dart slugs (D:1)
  2 leopard geckos (D:1)
  2 giant cockroaches
  3 goblins
  A quokka (D:2)
  2 bats
  A frilled lizard (D:2)
  A kobold (D:1)
  4 rats
19 creatures vanquished.

Notes
Turn   | Place    | Note
-------+----------+-------------------------------------------
     0 | D:1      | DildoBatman the Formicid Wizard began the quest for the
                  | Orb.
     0 | D:1      | Reached XP level 1. HP: 13/13 MP: 4/4
    14 | D:1      | Reached skill level 1 in Conjurations
   119 | D:1      | Reached XP level 2. HP: 19/19 MP: 0/6
   949 | D:2      | Reached XP level 3. HP: 24/24 MP: 3/7
   957 | D:1      | Learned a level 3 spell: Conjure Flame
   961 | D:1      | Learned a level 3 spell: Mephitic Cloud
  1272 | D:2      | HP: 1/24 [poisoned by a worker ant]
  1273 | D:2      | Succumbed to a worker ant's poison

Skill      XL: |  1  2 |
---------------+-------+-----
Conjurations   | 1 2 |  2.6
Dodging        | |  1.7
Stealth        | |  2.4
Spellcasting   | |  3.2
Summonings     | |  1.0
Translocations | |  0.8

Action                   || total
-------------------------++-------
Melee: Unarmed           ||     3
       Dagger            ||     2
       Short sword       ||     9
 Cast: Magic Dart        ||    43
       Mephitic Cloud    ||     2
  Use: Potion            ||     3
 Stab: Confused          ||     3
  Eat: Chunk             ||     1
Armor: Robe              ||     3
Dodge: Dodged            ||    13
